 Dungeon Crawl Stone Soup version 0.28.0-53-g5a82cb258f (webtiles) character file.

Game seed: 4388189416936126853

97 Barsook the Chopper (level 4, -11/40 HPs)
             Began as a Minotaur Fighter on June 18, 2022.
             Killed from afar by Ijyb (31 damage)
             ... with a bolt of acid
             ... on level 3 of the Dungeon.
             The game lasted 00:02:39 (1746 turns).

Barsook the Chopper (Minotaur Fighter)              Turns: 1746, Time: 00:02:40

Health: -11/40     AC:  7    Str: 22    XL:     4   Next: 42%
Magic:  3/3        EV:  6    Int:  5    God:
Gold:   80         SH:  4    Dex: 10    Spells: 3/3 levels left

rFire   . . .      SeeInvis .   a - +0 war axe
rCold   . . .      Faith    .   c - +0 buckler
rNeg    . . .      Spirit   .   e - +0 plate armour
rPois   .          Reflect  .   (helmet restricted)
rElec   .          Harm     .   (no cloak)
rCorr   .          Rampage  .   (no gloves)
Will    .....                   (no boots)
Stlth   ..........              (no amulet)
HPRegen 0.13/turn               (no ring)
MPRegen 0.08/turn               (no ring)

@: mighty, corroded
A: horns 2, retaliatory headbutt
a: no special abilities


You were on level 3 of the Dungeon.
You visited 1 branch of the dungeon, and saw 3 of its levels.

You collected 80 gold pieces.

Inventory:

Hand Weapons
 a - a +0 war axe (weapon)
Missiles
 f - a throwing net (quivered)
Armour
 c - a +0 buckler (worn)
 e - a +0 plate armour (worn)
Jewellery
 g - a +6 ring of intelligence
Wands
 h - a wand of paralysis (6)
Potions
 b - a potion of curing


   Skills:
 + Level 4.1 Fighting
 + Level 4.4 Axes
 + Level 4.1 Armour
 + Level 4.2 Shields


You had 3 spell levels left.
You didn't know any spells.
Your spell library contained the following spells:

 Spells                   Type           Power      Damage    Failure   Level
 Gell's Gravitas          Tloc           0%         N/A       100%        3
 Lesser Beckoning         Tloc           0%         N/A       100%        3
 Teleport Other           Tloc           0%         N/A       100%        3
 Animate Dead             Necr           0%         N/A       100%        4
 Haunt                    Necr/Summ      0%         N/A       100%        7
 Infestation              Necr           0%         N/A       100%        8


Dungeon Overview and Level Annotations

Branches:
Dungeon (3/15)

Altars:
Xom

Annotations:
D:3 Ijyb, Robin


Innate Abilities, Weirdness & Mutations

You have a pair of horns on your head.
You reflexively headbutt those who attack you in melee.


Message History

You hear a shout!
A bat comes into view.
Robin throws the goblin at you! You block the goblin's attack.
The goblin barely misses you.
A hobgoblin comes into view.
You closely miss Ijyb. You closely miss the goblin.
The hobgoblin shouts!
You hit the goblin. You completely miss the goblin.
Ijyb hits you with a +0 dagger.
A goblin comes into view. It is wielding a +0 club.
Robin roars a battlecry!
The goblin completely misses you. You block the goblin's attack.
You feel very mighty all of a sudden. The bat barely misses you.
You furiously retaliate!
You headbutt the bat!
You kill the bat!
Ijyb zaps a wand.
The bolt of acid hits you!! The acid corrodes you!
The bolt of acid hits the goblin!!
The acid corrodes the goblin!
The goblin dies!
A hobgoblin comes into view.
The goblin hits you but does no damage. x2; The hobgoblin barely misses you.
You feel better. Ijyb hits you with a +0 dagger.
The goblin hits you but does no damage. x2; The hobgoblin barely misses you.
You miss Ijyb. You headbutt Ijyb.
Ijyb is lightly wounded.
You slash the goblin!
You kill the goblin!
You barely miss the goblin. You slash the hobgoblin!
You kill the hobgoblin!
Ijyb drinks a potion.
Ijyb seems to speed up.
A goblin comes into view. It is wielding a +0 club.
The goblin hits you with a +0 dagger. Ijyb hits you but does no damage.
Robin throws the goblin at you!
You slash Ijyb!
Ijyb is severely wounded.
You completely miss the hobgoblin. You closely miss the goblin.
You miss the goblin.
You hear the slow rusting of a drain nearby.
Ijyb zaps a wand.
The bolt of acid hits you!!
Ouch! That really hurt!
You die...

#.......# #.#
####.#### #.# #.###
#.# #...# #<# #.#
#.# #.# #.#
###.######.#
#.###g...†.....#
#..g@).......#.#
..ggg.gg.#.####.#.#
.g.g....:..# #.#.#
####..##...# #...#
#.< #...# #.#.# #..
....# #.#.# #.
##..## #.#.# #.
#..#


You could see Ijyb (fast, strong), Robin, 3 hobgoblins and 4 goblins.

Vanquished Creatures
  3 adders (D:2)
  2 dart slugs (D:1)
  6 ball pythons
  4 bats
  6 endoplasms
  2 giant cockroaches
  6 goblins
  4 hobgoblins
  8 jackals (D:1)
  7 kobolds
  2 quokkas (D:1)
  A frilled lizard (D:1)
  3 rats
54 creatures vanquished.

Vanquished Creatures (others)
  A goblin (D:3)
1 creature vanquished.

Grand Total: 55 creatures vanquished

Notes
Turn   | Place    | Note
-------+----------+-------------------------------------------
     0 | D:1      | Barsook the Minotaur Fighter began the quest for the Orb.
     0 | D:1      | Reached XP level 1. HP: 19/19 MP: 0/0
     6 | D:1      | Noticed a snapping turtle
     6 | D:1      | Noticed a black mamba
     7 | D:1      | Noticed a hog
     7 | D:1      | Noticed a black bear
   187 | D:1      | Reached XP level 2. HP: 23/27 MP: 1/1
   488 | D:1      | Reached XP level 3. HP: 30/33 MP: 2/2
  1086 | D:2      | Reached XP level 4. HP: 35/40 MP: 3/3
  1477 | D:2      | Found a shimmering altar of Xom.
  1738 | D:3      | Noticed Ijyb
  1739 | D:3      | Noticed Robin
  1746 | D:3      | Killed from afar by Ijyb

Illustrated notes

Levels and vault maps discovered:
D:1:      onia_arrival_zoo_common, layout_loops_ring
D:2:      layout_basic, basic_altar, grunt_ministairs_12,
          kennysheep_generic_room_11
D:3:      layout_loops_ring, lightli_sewer_entry_pipes, nrook_mini_vaults,
          st_stairs_14, uniq_ijyb, uniq_robin, uniq_jessica, uniq_natasha

Skill      XL: |  1  2  3 |
---------------+----------+-----
Shields        | 4 |  4.2
Armour         | 4 |  4.1
Fighting       | 4 |  4.1
Axes           | 3 4 |  4.4

Action                   |  1- 3 |  4- 6 || total
-------------------------+-------+-------++-------
Melee: War axe           |    78 |    13 ||    91
       Headbutt          |    10 |     2 ||    12
  Use: Potion            |     1 |     2 ||     3
       Scroll            |     2 |       ||     2
Armor: Plate armour      |    75 |    11 ||    86
Dodge: Dodged            |    37 |    10 ||    47
Block: Buckler           |    25 |     7 ||    32
